 Dungeon Crawl Stone Soup version 0.27.0-1-g7a089689b8 (webtiles) character file.

Game seed: 14997983161986346057

810 wakim the Changer (level 7, -1/43 HPs)
             Began as an Octopode Transmuter on Aug 10, 2021.
             Was an Initiate of Gozag.
             Slain by an ogre (25 damage)
             ... on level 5 of the Dungeon.
             The game lasted 00:13:34 (8376 turns).

wakim the Changer (Octopode Transmuter)             Turns: 8376, Time: 00:13:35

Health: -1/43      AC:  1    Str:  9    XL:     7   Next: 92%
Magic:  3/11       EV: 14    Int: 15    God:    Gozag
Gold:   333        SH:  0    Dex: 15    Spells: 2/12 levels left

rFire    + + .     SeeInvis .     - Unarmed
rCold    x . .     Faith    .   (no shield)
rNeg     . . .     Spirit   .   (helmet restricted)
rPois    +         Reflect  .   (no amulet)
rElec    .         Harm     .   f - ring of protection from fire
rCorr    .         Rampage  .   c - ring of Vehumet's Generosity {Fire rPois}
Will     .....                  (no ring)
Stlth    +++.......             (no ring)
HPRegen  0.14/turn              (no ring)
MPRegen  0.12/turn              (no ring)
                                (no ring)
                                (no ring)

@: very slightly contaminated
A: almost no armour, amphibious, 8 rings, camouflage 1, gelatinous body 1,
(nimble swimmer 1), tentacles
a: Renounce Religion, Potion Petition, Call Merchant, Bribe Branch


You were on level 5 of the Dungeon.
You worshipped Gozag.
Gozag was aware of your devotion.
You visited 2 branches of the dungeon, and saw 6 of its levels.

You collected 342 gold pieces.
You paid 9 gold pieces to Gozag.

Inventory:

Jewellery
 c - the ring of Vehumet's Generosity (right tentacle) {Fire rPois}
   (You acquired it on level 3 of the Dungeon)

   [ring of fire]

   It enhances your fire magic.
   rF:        It protects you from fire.
   rC:        It makes you vulnerable to cold.
   rPois:     It protects you from poison.
 f - a ring of protection from fire (left tentacle)
 g - an amulet of guardian spirit
Wands
 x - a wand of iceblast (6)
Scrolls
 T - 3 scrolls of teleportation
 Y - 2 scrolls of blinking {!r}
Potions
 a - a potion of flight {unknown}
 b - a potion of cancellation {unknown}
 d - a potion of ambrosia {unknown}
 e - 2 potions of might {unknown}
 h - a potion of heal wounds {unknown}
 k - a potion of invisibility {unknown}
 F - 4 potions of curing
 O - a potion of resistance


   Skills:
 - Level 1.0 Fighting
 - Level 2.7 Dodging
 + Level 3.4 Stealth
 + Level 4.5 Unarmed Combat
 - Level 3.0 Spellcasting
 * Level 5.2 Transmutations
 * Level 3.7 Ice Magic
 - Level 2.0 Poison Magic


You had 2 spell levels left.
You knew the following spells:

 Your Spells              Type           Power      Damage    Failure   Level
a - Beastly Appendage     Tmut           36%        N/A       2%          1
b - Wereblood             Tmut           18%        N/A       3%          2
c - Ice Form              Ice/Tmut       15%        N/A       30%         4
x - Spider Form           Tmut/Pois      6%         N/A       14%         3

Your spell library contained the following spells:

 Spells                   Type           Power      Damage    Failure   Level
 Pain                     Necr           8%         1d4       21%         1
 Corpse Rot               Necr/Air       N/A        N/A       30%         2
 Alistair's Intoxication  Tmut/Pois      8%         N/A       77%         5
 Agony                    Necr           2%         N/A       99%         5
 Borgnjor's Vile Clutch   Necr/Erth      1%         N/A       99%         5
 Excruciating Wounds      Necr           1%         N/A       99%         5
 Eringya's Noxious Bog    Tmut/Pois      6%         N/A       100%        6


Dungeon Overview and Level Annotations

Branches:
Dungeon (5/15)             Temple (1/1) D:4

Altars:
Ashenzari
Cheibriados
Dithmenos
Elyvilon
Fedhas
Gozag
Hepliaklqana
Kikubaaqudgha
Makhleb
Okawaru
Qazlal
Ru
Sif Muna
Trog
Uskayaw
Vehumet
Wu Jian
Xom
Yredelemnul
Zin
The Shining One

Annotations:
D:5 Grinder


Innate Abilities, Weirdness & Mutations

You cannot wear most types of armour.
You are amphibious.
You can wear up to eight rings at the same time.
Your skin changes colour to match your surroundings (Stealth+).
Your rubbery body absorbs attacks. (AC +1, EV +1)
((You are camouflaged near water. (Stealth+)))
You have tentacles for arms and can constrict up to eight enemies at once.


Message History

Nothing appears to happen.
Unknown command.
There is a stone staircase leading up here.
Your magical contamination has completely faded away.
Magic restored.
F - 4 potions of curing (gained 1)
You now have 324 gold pieces (gained 5).
Found a murky red potion.
Casting: Spider Form (dangerous; 14% risk of failure)
Confirm with . or Enter, or press ? or * to list all spells.
The spell is quite dangerous to cast (30% risk of failure)!
Continue anyway?
You miscast Ice Form.
You are very lightly contaminated with residual magic.
Strange energies run through your body.
Your magical contamination has completely faded away.
Found 9 gold pieces.
Casting: Ice Form (quite dangerous; 30% risk of failure)
Confirm with . or Enter, or press ? or * to list all spells.
The spell is quite dangerous to cast (30% risk of failure)!
Continue anyway?
You turn into a creature of crystalline ice.
h - a murky red potion Your transformation is almost over.
You now have 333 gold pieces (gained 9).
An ogre comes into view. It is wielding a +0 giant club.
The ogre shouts!
You warm up again.
Casting: Ice Form (quite dangerous; 30% risk of failure)
Confirm with . or Enter, or press ? or * to list all spells.
The spell is quite dangerous to cast (30% risk of failure)!
Continue anyway?
You miscast Ice Form.
You are very lightly contaminated with residual magic.
Nothing appears to happen.
Casting: Ice Form (quite dangerous; 30% risk of failure)
Confirm with . or Enter, or press ? or * to list all spells.
The spell is quite dangerous to cast (30% risk of failure)!
Continue anyway?
You miscast Ice Form.
You feel uncomfortably cold!!
You feel a terrible chill!
The ogre hits you with a +0 giant club!!
Ouch! That really hurt!
You die...
Your body crumbles into a pile of gold.

............###..................
..........##.....................
..........##.####.........##.....
......##.###.####.##.####. ......
#..... #........#..### # .....##
##.... #...##.....##.####..###.#
#.$.5 ...####....#.......# #....#
#..+ ##...........# #...# #..+
##.@.........# # ##.O............
#...##.........#.##..
#.5............### .
###...##......## ##.# ##......#
#.# ......... #. .(..###.##.
...... ...


You could see an ogre.

Vanquished Creatures
  A black bear (D:4)
  3 ogres
  2 centaurs (D:4)
  A jelly (D:4)
  A hound (D:4)
  A centaur skeleton (D:5)
  A gnoll shaman (D:5)
  An iguana (D:4)
  5 adders
  2 gnolls (D:5)
  A worm (D:2)
  2 dart slugs (D:2)
  9 orcs
  7 endoplasms
  2 giant cockroaches
  11 goblins
  10 hobgoblins
  9 jackals
  A kobold (D:3)
  5 quokkas
  10 ball pythons
  4 bats
  6 frilled lizards
  7 rats
102 creatures vanquished.

Notes
Turn   | Place    | Note
-------+----------+-------------------------------------------
     0 | D:1      | wakim the Octopode Transmuter began the quest for the Orb.
     0 | D:1      | Reached XP level 1. HP: 13/13 MP: 3/3
   495 | D:1      | Reached XP level 2. HP: 18/18 MP: 1/5
  1062 | D:1      | Reached skill level 1 in Poison Magic
  1178 | D:1      | Reached XP level 3. HP: 22/23 MP: 4/6
  1582 | D:1      | Learned a level 3 spell: Spider Form
  2201 | D:2      | Reached XP level 4. HP: 20/28 MP: 7/7
  2587 | D:2      | Reached skill level 3 in Transmutations
  2946 | D:2      | Found a faded altar of an unknown god.
  2946 | D:2      | Noticed an Ice Fiend
  3809 | D:3      | Reached XP level 5. HP: 32/33 MP: 6/8
  4494 | D:3      | Identified a scroll of acquirement
  4494 | D:3      | Acquired the ring of Vehumet's Generosity {Fire rPois}
  4797 | D:3      | Learned a level 4 spell: Ice Form
  4798 | D:3      | Found a stormy altar of Qazlal.
  4802 | D:3      | Found a radiant altar of Vehumet.
  4805 | D:3      | Found a bloodstained altar of Trog.
  4815 | D:3      | Found an iron altar of Okawaru.
  4818 | D:3      | Found an opulent altar of Gozag.
  4850 | D:3      | Became a worshipper of Gozag Ym Sagoz the Greedy
  4942 | D:4      | Found a staircase to the Ecumenical Temple.
  4942 | D:4      | Noticed a centaur
  5367 | D:4      | Killed a centaur
  5368 | D:4      | Reached skill level 1 in Ice Magic
  5429 | Temple   | Entered the Ecumenical Temple
  5564 | D:4      | Noticed a black bear
  5680 | D:4      | Noticed an ogre
  5856 | D:4      | Reached XP level 6. HP: 32/38 MP: 7/10
  5961 | D:4      | Reached skill level 4 in Transmutations
  6180 | D:4      | Got the Reference Book on Sinister Arts
  6211 | D:4      | Learned a level 2 spell: Wereblood
  6324 | D:4      | Reached skill level 1 in Stealth
  6693 | D:4      | Killed a black bear
  6694 | D:4      | Reached XP level 7. HP: 31/43 MP: 8/11
  7070 | D:5      | Entered Level 5 of the Dungeon
  7441 | D:4      | Reached skill level 5 in Transmutations
  7534 | D:4      | HP: 2/51 [ogre (7)]
  8074 | D:5      | Noticed Grinder
  8376 | D:5      | Slain by an ogre

Illustrated notes

Levels and vault maps discovered:
D:1:      dpeg_arrival_castle, layout_loops_corners, minmay_misc_feat_iff,
          nrook_mini_backslash, hangedman_decor_growths
D:2:      layout_rooms, dreamdust_ecumenical_altar_sealed_demon, hex_large
D:3:      layout_loops_corners, minmay_overflow_temple_star_hex
D:4:      layout_cave_pods, minmay_temple_entry_overgrown
D:5:      layout_cave_pools, serial_gnoll_camp, gnoll_camp_mini_basic,
          gnoll_camp_mini_sergeant, gnoll_camp_mini_hut, gnoll_camp_mini_basic,
          nrook_mini_vaults, minivault_14, minivault_24, uniq_grinder
Temple:   kb_temple_of_zot

Skill      XL: |  1  2  3  4  5  6  7 |
---------------+----------------------+-----
Poison Magic   | 1 2 |  2.0
Transmutations | 3 4 5 |  5.2
Ice Magic      | 1 2 3 |  3.7
Stealth        | 2 3 |  3.4
Spellcasting   | 3 |  3.0
Unarmed Combat | 4 |  4.5
Fighting       | |  1.0
Dodging        | |  2.7

Action                   |  1- 3 |  4- 6 |  7- 9 || total
-------------------------+-------+-------+-------++-------
Melee: Unarmed           |    89 |   124 |    48 ||   261
       Constrict         |    25 |    13 |     1 ||    39
       Kick              |    15 |    15 |       ||    30
       Punch             |     1 |     3 |     1 ||     5
       Tentacles         |    15 |     4 |       ||    19
 Cast: Beastly Appendage |    20 |    19 |     1 ||    40
       Spider Form       |     1 |    13 |     5 ||    19
       Ice Form          |       |     2 |     3 ||     5
  Use: Scroll            |     1 |     7 |     3 ||    11
       Potion            |       |     1 |       ||     1
 Stab: Sleeping          |     2 |     7 |       ||     9
Armor: Skin              |     6 |    13 |    13 ||    32
Dodge: Dodged            |    52 |    76 |    48 ||   176
